 Dungeon Crawl Stone Soup version 0.28.0 (webtiles) character file.

Game seed: 8495340237399014745

117 oldriver the Skirmisher (level 5, 0/43 HPs)
             Began as a Formicid Abyssal Knight on Feb 11, 2022.
             Was a Priest of Lugonu.
             Killed by divine providence
             ... invoked by an orc priest
              (9 damage)
             ... on level 3 of the Dungeon.
             The game lasted 00:02:53 (3136 turns).

oldriver the Skirmisher (Formicid Abyssal Knight)   Turns: 3136, Time: 00:02:54

Health: 0/43       AC:  6    Str: 20    XL:     5   Next: 22%
Magic:  6/6        EV: 10    Int:  9    God:    Lugonu [***...]
Gold:   88         SH:  0    Dex: 11    Spells: 4/4 levels left

rFire   . . .      SeeInvis +   a - +1 hand axe
rCold   . . .      Faith    .   (no shield)
rNeg    . . .      Spirit   .   l - +0 ring mail
rPois   .          Reflect  .   (helmet unavailable)
rElec   .          Harm     .   (no cloak)
rCorr   .          Rampage  .   (no gloves)
Will    .....                   p - +0 pair of boots
Stlth   +.........              (no amulet)
HPRegen 0.14/turn               h - ring of wizardry
MPRegen 0.10/turn               (no ring)

@: no status effects
A: permanent stasis, dig shafts and tunnels, antennae 3, four strong arms
a: Dig, Shaft Self, Renounce Religion, Depart the Abyss, Bend Space, Banish


You were on level 3 of the Dungeon.
You worshipped Lugonu.
Lugonu was most pleased with you.
You visited 1 branch of the dungeon, and saw 3 of its levels.
You visited the Abyss 1 time.

You collected 88 gold pieces.

Inventory:

Hand Weapons
 a - a +1 hand axe (weapon)
Missiles
 c - 78 stones
 d - 2 poisoned darts
Armour
 l - a +0 ring mail (worn)
 p - a +0 pair of boots (worn)
Jewellery
 h - a ring of wizardry (left hand)
Scrolls
 f - a scroll of identify {unknown}
 i - 2 scrolls of immolation {unknown}
 k - a scroll of enchant armour {unknown}
 n - a scroll of enchant weapon {unknown}
 o - a scroll of teleportation {unknown}
Potions
 b - a potion of haste {unknown}
 e - a potion of degeneration {unknown}
 g - 3 potions of curing {unknown}
 j - a potion of lignification {unknown}
 m - a potion of berserk rage {unknown}
 q - a potion of heal wounds {unknown}


   Skills:
 + Level 4.8 Fighting
 + Level 3.8 Axes
 - Level 2.1 Armour
 - Level 0.8 Dodging
 - Level 2.1 Invocations


You had 4 spell levels left.
You didn't know any spells.
Your spell library was empty.

Dungeon Overview and Level Annotations

Branches:
Dungeon (3/15)

Altars:

Annotations:
D:3 3 runed translucent doors


Innate Abilities, Weirdness & Mutations

You cannot be hasted, slowed, berserked, paralysed or teleported.
You can dig through walls and to a lower floor.
You have a pair of large antennae on your head. (SInv)
Your four strong arms can wield two-handed weapons with a shield.


Message History

You hit the orc priest.
The orc priest is moderately wounded.
The orc priest closely misses you.
An orc comes into view.
It is wielding a +0 club and quivering poisoned darts.
You hit the orc priest.
The orc priest is heavily wounded.
The orc priest miscasts a cantrip.
The orc priest barely misses you.
You barely miss the orc priest.
The orc priest is heavily wounded.
The orc priest barely misses you.
You hit the orc priest but do no damage.
The orc priest is heavily wounded.
The orc priest hits you with a +0 war axe.
You hit the orc priest but do no damage.
The orc priest is heavily wounded.
The orc priest hits you but does no damage.
You hit the orc priest.
The orc priest is heavily wounded.
The orc priest begins to cast a cantrip, but forgets the words!
You barely miss the orc priest.
The orc priest is heavily wounded.
The orc sings a few bars from the Orcish anthem.
The orc priest invokes the aid of Beogh against you.
Beogh smites you!
The orc priest hits you but does no damage.
You are too injured to fight recklessly!
You hit the orc priest.
The orc priest is severely wounded.
The orc priest barely misses you.
You fail to use your ability.
The orc priest closely misses you. Space bends around you!
You blink.
The orc priest calls upon Beogh to heal the orc priest.
The orc priest is healed somewhat.
The orc priest mumbles some strange prayers to Beogh against you.
Beogh smites you!
* * * LOW HITPOINT WARNING * * *
The orc priest calls down the wrath of Beogh upon you.
Beogh smites you!
You die...

#...........###.#
####.#######.#.# #.# ..<..# #.#.#
#.# ####.# #.#.###.## ###########
####.#######.#......# #..........
##...#.........###..###.######.##
##.#....####.#.#.)|............#
##.#..#.............###.########
##.##...####.#.#@#..# #.#
##.##...####........###.#
##...............##..##.#
...........###.###.#o##.#
.#.........# #.##.###o..#
.#.##....#.###.###.#.#########
.#.##................{....o..#
.#.##...##.###.......#######.#
.#.###.>.......####### #)#


You could see 2 orc priests.

Vanquished Creatures
  2 adders
  A dart slug (D:1)
  2 orcs (D:3)
  5 ball pythons
  6 bats
  8 endoplasms
  11 goblins
  11 hobgoblins
  17 jackals
  3 kobolds
  A quokka (D:1)
  4 frilled lizards
  10 rats
81 creatures vanquished.

Notes
Turn   | Place    | Note
-------+----------+-------------------------------------------
     0 | Abyss:1  | oldriver the Formicid Abyssal Knight began the quest for
                  | the Orb.
     0 | Abyss:1  | Reached XP level 1. HP: 18/18 MP: 2/2
    57 | Abyss:1  | Noticed a neqoxec
    59 | D:1      | Escaped the Abyss
   117 | D:1      | Reached * piety under Lugonu
   190 | D:1      | Reached XP level 2. HP: 20/24 MP: 3/3
   358 | D:1      | Reached XP level 3. HP: 23/30 MP: 4/4
   483 | D:1      | Reached skill level 4 in Fighting
   503 | D:1      | Found a faded altar of an unknown god.
   783 | D:1      | Reached ** piety under Lugonu
  1471 | D:2      | Reached XP level 4. HP: 37/37 MP: 5/5
  2538 | D:3      | Reached XP level 5. HP: 43/43 MP: 6/6
  2969 | D:3      | Found a runed translucent gate.
  2970 | D:3      | Found a runed translucent gate.
  2970 | D:3      | Found a runed translucent gate.
  2979 | D:3      | Reached *** piety under Lugonu
  3136 | D:3      | Killed from afar by an orc priest

Illustrated notes

Levels and vault maps discovered:
D:1:      heliophobic_arrival_battle_scene, layout_rooms,
          shapermc_ecumenical_altar_gd, kennysheep_boxes
D:2:      layout_basic, serial_aquarium, aquarium_bridge_square
          [aquarium_subvault_window, aquarium_subvault_balcony,
          aquarium_subvault_wall, aquarium_subvault_bridge], aquarium_window_1,
          aquarium_window_fake, aquarium_window_1, aquarium_window_2,
          aquarium_view_4, aquarium_pool_split
D:3:      layout_loops_ring, gammafunk_ghost_necromancy, minmay_between,
          uniq_sigmund

Skill      XL: |  1  2  3 |
---------------+----------+-----
Fighting       | 4 |  4.8
Axes           | 3 |  3.8
Armour         | |  2.1
Dodging        | |  0.8
Invocations    | |  2.1

Action                   |  1- 3 |  4- 6 || total
-------------------------+-------+-------++-------
Melee: Hand axe          |   117 |   144 ||   261
       Punch             |     2 |     1 ||     3
Invok: Depart the Abyss  |     1 |       ||     1
       Bend Space        |       |     1 ||     1
Armor: Leather armour    |    39 |       ||    39
       Ring mail         |     5 |    41 ||    46
Dodge: Dodged            |    99 |    88 ||   187
